 Dungeon Crawl Stone Soup version 0.29-a0-321-gf1c400731a (webtiles) character file.

Game seed: 15574817733366789436

42 chopper the Sneak (level 3, -2/25 HPs)
             Began as an Octopode Brigand on Apr 4, 2022.
             Slain by an adder (3 damage)
             ... on level 2 of the Dungeon.
             The game lasted 00:03:21 (862 turns).

chopper the Sneak (Octopode Brigand)                 Turns: 862, Time: 00:03:23

Health: -2/25      AC:  1    Str: 12    XL:     3   Next: 56%
Magic:  3/3        EV: 12    Int: 13    God:
Gold:   88         SH:  0    Dex: 13    Spells: 2/2 levels left

rFire   . . .      SeeInvis .   a - +2 dagger
rCold   . . .      Faith    .   (no shield)
rNeg    . . .      Spirit   .   (helmet restricted)
rPois   .          Reflect  .   (no amulet)
rElec   .          Harm     .   (no ring)
rCorr   .          Rampage  .   (no ring)
Will    .....                   (no ring)
Stlth   ++++......              (no ring)
HPRegen 0.08/turn               (no ring)
MPRegen 0.08/turn               (no ring)
                                (no ring)
                                (no ring)

@: no status effects
A: almost no armour, amphibious, 8 rings, camouflage 1, gelatinous body 1,
(nimble swimmer 1), tentacles
a: no special abilities


You were on level 2 of the Dungeon.
You visited 1 branch of the dungeon, and saw 2 of its levels.

You collected 88 gold pieces.

Inventory:

Hand Weapons
 a - a +2 dagger (weapon)
 f - a +0 dagger
Missiles
 b - 9 poisoned darts (quivered)
 c - 3 curare-tipped darts
Scrolls
 e - a scroll of identify {unknown}
 g - 2 scrolls of blinking {unknown}


   Skills:
 + Level 2.3 Fighting
 + Level 2.2 Short Blades
 + Level 2.2 Throwing
 + Level 1.1 Dodging
 + Level 6.4 Stealth


You had 2 spell levels left.
You didn't know any spells.
Your spell library was empty.

Dungeon Overview and Level Annotations

Branches:
Dungeon (2/15)

Altars:


Innate Abilities, Weirdness & Mutations

You cannot wear most types of armour.
You are amphibious.
You can wear up to eight rings at the same time.
Your skin changes colour to match your surroundings (Stealth+).
Your rubbery body absorbs attacks. (AC +1, EV +1)
((You are camouflaged when in or above water. (Stealth+)))
You have tentacles for arms and can constrict up to eight enemies at once.


Message History

The endoplasm jiggles.
The adder barely misses you.
Natasha hisses angrily.
The frilled lizard hisses angrily.
You hit Natasha. You grab Natasha. You squeeze Natasha.
Natasha is severely wounded.
You constrict Natasha, but do no damage.
The adder closely misses you. Natasha closely misses you.
You hit Natasha.
Natasha is almost dead.
You constrict Natasha, but do no damage.
The adder barely misses you. Natasha closely misses you. The adder bites you.
You hit Natasha.
You kill Natasha!
Natasha growls in agony!
The adder bites you.
You have reached level 3!
Your experience leads to an increase in your attributes!
Increase (S)trength, (I)ntelligence, or (D)exterity?
You feel stronger. x2
You closely miss the adder. Your grab misses the adder.
Your squeeze misses the adder. The frilled lizard barely misses you.
The adder bites you.
Unknown command.
You miss the adder. Your grab misses the adder. Your squeeze misses the adder.
The adder bites you.
The frilled lizard bites you but does no damage.
You barely miss the adder. Your grab misses the adder.
Your tentacle-slap misses the adder.
The adder bites you.
* * * LOW HITPOINT WARNING * * *
The frilled lizard bites you.
* * * LOW HITPOINT WARNING * * *
You hit the adder. You grab the adder.
The adder is moderately wounded.
You constrict the adder. The adder barely misses you.
The endoplasm freezes you.
You are frozen.
* * * LOW HITPOINT WARNING * * *
The frilled lizard misses you. The adder bites you.
You die...

###.......≈.≈.
#.....P.P..P♣
#.....≈≈≈≈≈≈≈
#....<.♣≈≈≈≈≈
#.......♣ ≈≈≈
###.......♣P≈P≈
..........P≈≈≈≈≈≈
#####.wSJ..♣♣♣♣♣♣
......#@####
#######l# ...
..... .......
.........
#..........
#..........#


You could see a worm, an adder, an endoplasm and a frilled lizard.

Vanquished Creatures
  Natasha (D:2)
  A worm (D:2)
  A dart slug (D:1)
  A bat (D:1)
  2 giant cockroaches (D:1)
  A goblin (D:1)
  2 hobgoblins (D:1)
  A kobold (D:1)
  A quokka (D:1)
  A ball python (D:1)
12 creatures vanquished.

Notes
Turn   | Place    | Note
-------+----------+-------------------------------------------
     0 | D:1      | chopper the Octopode Brigand began the quest for the Orb.
     0 | D:1      | Reached XP level 1. HP: 14/14 MP: 1/1
   358 | D:1      | Reached XP level 2. HP: 15/19 MP: 2/2
   846 | D:2      | Noticed Natasha
   850 | D:2      | Reached skill level 6 in Stealth
   858 | D:2      | Killed Natasha
   859 | D:2      | Reached XP level 3. HP: 15/25 MP: 3/3
   862 | D:2      | HP: 1/25 [frozen (2)]
   862 | D:2      | Slain by an adder

Illustrated notes

Levels and vault maps discovered:
D:1:      roderic_octagonal_star, layout_loops_cross
D:2:      layout_rooms, serial_bayou_ford_a, uniq_natasha

Skill      XL: |  1  2 |
---------------+-------+-----
Stealth        | 6 |  6.4
Fighting       | |  2.3
Short Blades   | |  2.2
Throwing       | |  2.2
Dodging        | |  1.1

Action                   || total
-------------------------++-------
Melee: Dagger            ||    26
       Constrict         ||     7
       Tentacles         ||     2
  Use: Potion            ||     1
 Stab: Sleeping          ||     3
Armor: Skin              ||     2
Dodge: Dodged            ||    21

Table legend: (Time is in decaauts)
 A = Elapsed time spent in this place.
 B = Non-inter-level travel time spent in this place.
 C = Inter-level travel time spent in this place.
 D = Time resting spent in this place.
 E = Time spent auto-exploring this place.
 F = Levels seen in this place.
 G = Mean time per level.
                   A        B        C        D        E       F      G
               +--------+--------+--------+--------+--------+-----+--------+
         Total |    858 |    858 |      0 |    454 |      0 |   2 |  429.0 |
       Dungeon |    858 |    858 |      0 |    454 |      0 |   2 |  429.0 |
               +--------+--------+--------+--------+--------+-----+--------+

Top non-repeatable levels by time:
     D:1: 842 daAuts
     D:2: 16 daAuts
